Map: Thunderbird LE

Players

LiquidMaNa (MaNa) - Winner!

  • Race: Protoss Protoss
  • League: Grandmaster
  • Spawn Location: 5:00

HeroMarine

  • Race: Terran Terran
  • League: Master
  • Spawn Location: 11:00

Event: HomeStory Cup XX

VOD

Have the link to the VOD?

Description

Time

  • Played on: Nov. 21, 2019, 2:48 p.m.
  • Length: 18:55

All games in this series

Show
View Real Time Build Order
Export as new Build Order

LiquidMaNa Protoss - Winner!

Build Orders: 1 Gate Expand, Double Forge, Blink Stalkers 

Get SALT Encoding   

  12  0:00  Probe  
  13  0:12  Probe  
  14  0:18  Pylon  
  14  0:24  Probe  
  15  0:32  Probe  
  15  0:37  Gateway  
  15  0:42  Assimilator, Probe  
  17  0:53  Probe  
  18  1:05  Probe  
  19  1:18  Nexus  
  19  1:28  Cybernetics Core  
  19  1:31  Probe  
  20  1:37  Assimilator  
  20  1:43  Probe  
  21  1:48  Pylon  
  21  1:56  Adept, Probe  
  22  2:08  Warp Gate, Probe  
  25  2:20  Probe  
  26  2:23  Twilight Council  
  26  2:27  Stalker  
  26  2:28  Probe  
  26  2:29  Probe  
  28  2:36  Probe  
  30  2:38  Probe  
  32  2:46  Probe  
  32  2:49  Probe  
  34  2:54  Blink  
  34  2:58  Probe  
  34  3:01  Probe  
  36  3:06  Gateway  
  36  3:10  Probe  
  37  3:13  Probe  
  37  3:17  Robotics Facility  
  38  3:22  Probe  
  38  3:25  Probe  
  40  3:31  Pylon  
  40  3:35  Probe  
  40  3:37  Probe  
  42  3:47  Probe  
  43  3:49  Probe  
  43  3:51  Nexus  
  44  3:58  Pylon, Sentry  
  44  3:59  Probe  
  44  4:01  Stalker, Probe  
  44  4:02  Observer  
  50  4:04  Assimilator  
  51  4:11  Pylon, Probe  
  51  4:14  Probe  
  53  4:21  Observer  
  53  4:22  Stalker  
  56  4:24  Stalker  
  56  4:26  Probe  
  56  4:27  Probe  
  60  4:34  Forge  
  60  4:38  Forge, Probe  
  60  4:39  Probe  
  60  4:40  Pylon, Protoss Ground Armor Level 1  
  60  4:42  Observer, Charge  
  63  4:48  Pylon  
  63  4:50  Probe  
  63  4:51  Probe  
  65  4:59  Protoss Ground Weapons Level 1  
  65  5:00  Gateway  
  65  5:01  Gateway  
  65  5:04  Gateway  
  65  5:15  Gateway  
  65  5:20  Immortal, Gateway  
  65  5:21  Probe x2  
  66  5:23  Probe  
  68  5:33  Probe x2  
  73  5:35  Probe  
  74  5:45  Assimilator, Probe  
  74  5:46  Assimilator  
  74  5:47  Probe  
  74  5:48  Probe  
  77  5:54  Gateway  
  77  5:56  Immortal, Gateway  
  77  5:57  Probe  
  77  5:59  Probe  
  77  6:00  Probe  
  84  6:05  Robotics Facility  
  84  6:08  Robotics Bay  
  84  6:09  Probe  
  85  6:11  Probe  
  85  6:12  Probe  
  87  6:19  Pylon  
  87  6:21  Stalker, Probe  
  87  6:22  Stalker  
  87  6:24  Probe  
  93  6:25  Assimilator  
  93  6:27  Pylon  
  93  6:31  Probe  
  94  6:33  Probe  
  94  6:35  Sentry  
  94  6:36  Probe  
  94  6:37  Protoss Ground Armor Level 2  
  98  6:44  Colossus  
  98  6:53  Pylon, Protoss Ground Weapons Level 2  
  98  6:54  Colossus  
  110  7:03  Zealot x3  
  114  7:10  Nexus  
  114  7:19  Zealot  
  116  7:24  Pylon  
  116  7:26  Pylon x2, Photon Cannon  
  116  7:27  Pylon  
  116  7:29  Pylon  
  116  7:35  Pylon  
  114  7:40  Zealot x2  
  114  7:45  Sentry  
  114  7:46  Zealot x4  
  114  7:47  Warp Prism  
  114  7:49  Extended Thermal Lance  
  114  7:51  Stalker  
  126  7:55  Stalker  
  128  8:02  Templar Archives  
  116  8:06  Zealot x4  
  116  8:11  Zealot x2  
  116  8:13  Stalker  
  114  8:20  Stalker x2  
  118  8:27  Sentry x3  
  118  8:29  Zealot  
  118  8:31  Probe x3  
  129  8:36  Gateway  
  129  8:39  Disruptor x2  
  135  8:44  Zealot x2  
  139  8:55  High Templar  
  139  8:56  High Templar  
  139  9:00  Probe x2  
  139  9:01  Probe  
  139  9:02  Assimilator  
  146  9:03  Assimilator  
  146  9:04  Stalker x4  
  154  9:19  Archon  
  154  9:20  Observer, Stalker x3  
  154  9:22  Immortal  
  164  9:27  Zealot x4  
  171  9:41  Disruptor  
  174  9:52  Zealot x4, Protoss Ground Armor Level 3, Protoss Ground Weapons Level 3  
  166  9:53  Zealot x6  
  166  9:54  Disruptor  
  163  10:07  Immortal  
  163  10:13  Zealot x10  
  171  10:19  Probe  
  174  10:26  Pylon  
  174  10:28  Pylon  
  174  10:31  Disruptor  
  176  10:40  Zealot x2  
  180  10:44  Psionic Storm  
  180  10:54  Warp Prism  
  180  10:57  Immortal, High Templar x5  
  180  10:59  Nexus  
  180  11:01  Pylon  
  196  11:15  Pylon  
  196  11:17  Pylon  
  196  11:18  Dark Shrine  
  195  11:38  Stargate  
  195  11:39  Stargate  
  195  11:41  Zealot x2  
  199  11:59  Protoss Air Weapons Level 1  
  185  12:14  Zealot x9  
  193  12:21  Stalker x9  
  195  12:38  Shadow Stride  
  195  12:40  Fleet Beacon  
  185  12:57  Stalker x7  
  199  13:07  Photon Cannon  
  199  13:08  Shield Battery  
  199  13:09  Pylon  
  199  13:10  Photon Cannon x2  
  187  13:30  Tempest x2  
  162  13:36  Stalker x6  
  162  13:37  Stalker x4  
  162  13:38  Disruptor  
  185  13:59  Dark Templar  
  185  14:00  Dark Templar x7  
  199  14:13  Assimilator  
  199  14:17  Assimilator  
  179  14:44  High Templar x5  
  183  14:46  Disruptor x2  
  183  14:47  Zealot x5  
  199  14:55  Protoss Shields Level 1  
  199  15:04  Protoss Air Weapons Level 2  
  199  15:06  Nexus  
  197  15:08  Pylon  
  168  15:29  Archon  
  168  15:30  Immortal x2  
  168  15:31  Archon  
  151  15:40  Stalker x10  
  135  15:59  Tempest x2  
  135  16:01  Immortal  
  139  16:06  Zealot x5  
  139  16:07  Zealot x5  
  143  16:25  Immortal  
  143  16:27  Stalker x5  
  143  16:28  Zealot x5  
  167  16:42  Tempest x2  
  167  16:45  High Templar x3  
  181  17:00  Zealot x7  
  192  17:22  Stalker x5  
  142  17:37  Stalker x2  
  146  17:52  High Templar x5  
  156  17:58  Archon x2  
  156  18:07  Dark Templar  
  152  18:27  Dark Templar x2, Zealot  
  152  18:28  Zealot x4  
  157  18:44  Zealot x3  
  156  18:53  Stalker x4  
Show
View Real Time Build Order
Export as new Build Order

HeroMarine Terran 

Build Orders: Reaper Expand 

Get SALT Encoding   

  12  0:00  SCV  
  13  0:12  SCV  
  14  0:17  Supply Depot  
  14  0:25  SCV  
  15  0:38  SCV  
  15  0:40  Barracks  
  16  0:43  Refinery  
  16  0:50  SCV  
  17  1:02  SCV  
  18  1:15  SCV  
  19  1:27  Orbital Command, Reaper  
  20  1:39  Command Center  
  20  1:46  Supply Depot  
  20  1:52  SCV  
  21  1:59  Marine  
  22  2:04  SCV  
  22  2:07  Factory  
  23  2:17  SCV  
  23  2:20  Barracks Reactor  
  24  2:29  SCV  
  25  2:41  Command Center, SCV  
  26  2:52  Factory Tech Lab  
  26  2:53  SCV  
  26  2:55  Orbital Command  
  27  3:00  Marine  
  27  3:02  Marine  
  27  3:05  SCV  
  30  3:10  Cyclone  
  33  3:17  SCV  
  33  3:19  Marine  
  35  3:21  SCV  
  35  3:22  Barracks  
  35  3:24  Marine  
  37  3:29  SCV  
  37  3:33  Barracks  
  37  3:34  SCV  
  39  3:37  Marine  
  40  3:41  Marine  
  40  3:42  SCV  
  40  3:45  Widow Mine  
  40  3:46  SCV  
  44  3:53  Engineering Bay  
  44  3:54  SCV  
  44  3:55  Orbital Command  
  45  3:56  Marine  
  45  3:59  Marine, SCV  
  45  4:02  Bunker  
  48  4:06  SCV  
  49  4:11  SCV  
  49  4:12  Refinery  
  49  4:15  Factory Tech Lab, Stimpack  
  50  4:18  SCV  
  50  4:19  Marauder  
  50  4:21  SCV  
  50  4:23  SCV  
  55  4:25  Supply Depot  
  55  4:26  Marine x2  
  55  4:30  SCV  
  58  4:33  SCV  
  58  4:35  Supply Depot, SCV  
  60  4:39  Refinery  
  60  4:41  Marine  
  60  4:43  Terran Infantry Weapons Level 1  
  61  4:46  Marine, SCV x2  
  61  4:47  Supply Depot  
  61  4:50  SCV  
  65  4:54  Marine x2  
  65  4:58  SCV x2  
  65  4:59  Marine  
  70  5:00  Refinery  
  70  5:02  Starport  
  70  5:03  SCV  
  70  5:07  Marine  
  71  5:09  Factory Reactor  
  71  5:10  SCV  
  71  5:11  Orbital Command  
  71  5:12  Marine  
  75  5:15  SCV  
  75  5:22  Marine x2, SCV  
  75  5:23  Combat Shield  
  75  5:27  SCV  
  79  5:33  Marine x2  
  79  5:35  Barracks, SCV  
  82  5:37  Barracks  
  82  5:39  Supply Depot, SCV x2  
  84  5:44  Supply Depot  
  84  5:47  SCV  
  85  5:51  Supply Depot  
  85  5:54  Factory Reactor  
  85  5:59  Supply Depot  
  85  6:01  Marauder x2, Medivac, Concussive Shells, SCV x2  
  85  6:03  Supply Depot  
  93  6:06  SCV  
  93  6:07  Marine x2  
  96  6:13  Medivac, Missile Turret, SCV x2  
  96  6:18  SCV  
  101  6:23  Marauder x2, Supply Depot  
  101  6:25  Barracks Reactor, SCV x2  
  107  6:26  Barracks Tech Lab  
  107  6:30  Refinery, SCV  
  107  6:32  Medivac  
  110  6:37  Terran Infantry Armor Level 1, SCV x2  
  112  6:41  Widow Mine x2, Refinery, Marine x2  
  112  6:43  Medivac  
  112  6:46  Supply Depot  
  120  6:47  Supply Depot  
  120  6:48  Marauder x2  
  120  6:50  Marauder  
  126  6:54  SCV x3  
  126  6:57  Supply Depot  
  126  6:59  Marine x2  
  131  7:10  Marauder x2  
  131  7:11  Widow Mine  
  131  7:12  Widow Mine, Medivac, Armory  
  131  7:13  Engineering Bay  
  140  7:15  Medivac  
  141  7:27  Marine x2  
  141  7:28  Marine x2  
  141  7:29  Command Center  
  142  7:40  Marauder x2  
  142  7:41  Widow Mine x2  
  142  7:42  Viking  
  149  7:45  Medivac  
  149  7:48  Marauder, Marine  
  149  7:49  Marine  
  149  7:50  Marine x2  
  157  7:55  Supply Depot  
  157  7:56  Supply Depot  
  157  7:59  Ghost Academy  
  157  8:01  Marauder  
  151  8:10  Marauder  
  151  8:12  Medivac  
  136  8:15  Starport, Marine x2, Viking  
  136  8:17  Marine x2  
  136  8:18  Marauder  
  139  8:24  Terran Infantry Weapons Level 2  
  139  8:26  Terran Ship Weapons Level 1, Marine  
  140  8:30  Marine  
  140  8:33  Terran Infantry Armor Level 2, Missile Turret  
  141  8:34  Marine x2  
  143  8:42  Viking  
  143  8:45  Viking  
  143  8:46  SCV x3  
  150  8:52  Marine x3  
  153  8:57  Refinery  
  153  8:58  SCV x3  
  153  9:02  Refinery  
  156  9:05  Ghost x2  
  156  9:06  Enhanced Shockwaves  
  156  9:08  Supply Depot  
  160  9:11  Missile Turret  
  160  9:12  Viking  
  160  9:13  Supply Depot  
  160  9:16  Viking x2  
  166  9:18  Viking  
  166  9:21  Marine x3  
  166  9:22  Marine x2  
  163  9:25  Planetary Fortress  
  163  9:34  Marine, Barracks x3  
  164  9:40  Marauder x2  
  164  9:43  Fusion Core  
  164  9:45  Marine x2  
  170  9:51  Viking  
  170  9:52  Viking  
  169  9:53  Marauder  
  169  9:57  Marine  
  158  10:01  Marauder x2  
  158  10:05  Liberator  
  158  10:06  Liberator x2  
  158  10:10  Marine x2, Liberator  
  158  10:12  SCV x2  
  158  10:13  SCV x2  
  159  10:24  SCV  
  159  10:28  SCV x2  
  174  10:29  SCV  
  174  10:34  Missile Turret  
  175  10:40  Barracks Tech Lab x2, Barracks Reactor  
  172  10:44  Marauder x3, Marine x2  
  172  10:47  Marine  
  175  10:53  Advanced Ballistics  
  175  10:56  Liberator x2  
  176  11:00  Terran Infantry Weapons Level 3  
  176  11:05  Medivac  
  176  11:06  Medivac  
  176  11:07  Missile Turret  
  179  11:12  Command Center  
  185  11:21  Command Center  
  185  11:25  Sensor Tower, Missile Turret  
  185  11:28  Ghost x2  
  185  11:29  Liberator  
  185  11:30  Marauder, Liberator  
  190  11:36  Marauder  
  195  11:51  Marauder  
  180  12:08  Liberator x2  
  180  12:11  Marauder x2, Marine x2  
  180  12:24  Marauder x2, Marine x3  
  180  12:25  Marauder  
  195  12:32  Marine, Marauder x2, Starport  
  195  12:33  Command Center  
  195  12:34  Command Center  
  195  12:35  Orbital Command  
  195  12:36  Command Center  
  196  12:45  Marauder x2  
  196  12:49  Medivac x2  
  196  12:51  Marauder  
  190  12:53  Marauder, Ghost  
  190  12:54  SCV  
  190  12:55  SCV x3  
  179  13:01  SCV  
  180  13:06  SCV  
  180  13:07  SCV x2  
  180  13:08  Medivac, Ghost  
  180  13:12  Ghost  
  187  13:14  Marine  
  190  13:20  Ghost  
  190  13:21  Marine x2  
  193  13:31  Ghost  
  193  13:32  Marine, Ghost  
  193  13:33  Marine, Liberator x2  
  168  13:35  Planetary Fortress  
  168  13:36  SCV  
  168  13:37  SCV  
  168  13:38  Marauder, SCV  
  168  13:41  Ghost  
  168  13:43  Starport Reactor  
  169  13:49  Marauder  
  173  13:59  Marauder  
  173  14:01  Marauder  
  173  14:02  Orbital Command  
  177  14:06  Marauder  
  179  14:10  Marauder, Sensor Tower  
  179  14:11  Marauder  
  179  14:15  Missile Turret  
  183  14:17  Command Center  
  183  14:21  Liberator x3  
  183  14:22  Liberator x2  
  166  14:34  Marauder  
  166  14:35  Marauder  
  166  14:38  Marine x2  
  150  14:41  Missile Turret  
  150  14:42  Marauder, Marine x2  
  150  14:44  Marine x2  
  171  14:47  Orbital Command  
  171  14:58  Marauder x2, Ghost  
  177  15:02  Marine x2  
  177  15:06  Viking  
  179  15:09  Terran Ship Weapons Level 2  
  179  15:12  Marauder x2  
  181  15:18  Personal Cloaking  
  181  15:20  Marauder  
  181  15:21  Marauder  
  182  15:27  Marauder  
  168  15:29  Liberator  
  168  15:30  Marine x2, Liberator  
  168  15:33  Marauder, Marine  
  168  15:34  Marine, Marauder  
  155  15:41  Marauder  
  152  15:45  Missile Turret  
  158  15:50  Marine x2  
  158  15:56  Marine x4, Ghost x2  
  166  16:05  Liberator  
  166  16:07  Marine, Marauder  
  166  16:08  Viking  
  171  16:11  Marine  
  171  16:12  Marine x2  
  171  16:17  Marine  
  162  16:19  Liberator x2  
  162  16:21  Marine  
  162  16:25  Marauder x2  
  170  16:26  Marine x2, Orbital Command  
  172  16:38  Marauder x2  
  172  16:39  Marine  
  175  16:47  Marine, Liberator  
  175  16:48  Marauder  
  175  16:53  Marauder  
  175  16:54  Marine x2  
  172  16:56  Marine  
  172  16:57  Marine  
  171  17:02  Marauder  
  171  17:07  Marauder  
  180  17:08  Marauder  
  180  17:09  Marine  
  180  17:12  Marine  
  180  17:13  Marine  
  179  17:17  Liberator  
  179  17:20  Marauder  
  179  17:21  Marauder  
  158  17:26  Marauder  
  158  17:27  Marine  
  133  17:35  Marine  
  119  17:38  Orbital Command  
  119  17:40  Marine, Marauder  
  117  17:48  Marauder  
  117  17:50  Marine x2  
  121  17:55  Ghost x2  
  125  18:00  Marine x3  
  125  18:05  Viking  
  130  18:08  Viking, Orbital Command  
  132  18:13  Viking  
  132  18:19  Viking  
  133  18:24  Viking  
  126  18:30  Marine  
  129  18:36  Marine  
Tags
 
Add a new tag
Caveats
  • Supply blocks, unpowered buildings, or Contaminate may cause inaccurate times.
  • Supply counts are checked every 10 seconds.